 Dungeon Crawl Stone Soup version 0.17-a0-435-gc4df345 (webtiles) character file.

1668 krae the Martial Artist (level 9, -27/43 HPs)
             Began as a Vine Stalker Monk on Apr 4, 2015.
             Annihilated by a hill giant
             ... wielding a +0 giant club
              (33 damage)
             ... on level 7 of the Dungeon.
             The game lasted 00:20:31 (3737 turns).

krae the Martial Artist (Vine Stalker Monk)         Turns: 3737, Time: 00:20:31

Health: -27/43     AC: 17    Str: 17    XL:     9   Next: 1%
Magic:  0/10       EV:  6    Int: 10    God:
Gold:   341        SH:  0    Dex: 17    Spells: 0 memorised, 8 levels left

rFire  . . .     SeeInvis +       - Unarmed
rCold  . . .     Clarity  .     l - +1 plate armour (curse)
rNeg   . . .     SustAb   .     (no shield)
rPois  +         Gourm    .     (no helmet)
rElec  .         Spirit   +     s - +0 cloak (curse)
rCorr  .         Warding  .     d - +0 pair of gloves
rMut   .         Stasis   .     i - +0 pair of boots
MR     +....                    g - amulet of regeneration
Stlth  ..........               a - ring of poison resistance
                                h - ring of see invisible (curse)

@: somewhat resistant to hostile enchantments, extremely unstealthy
A: fangs 3, regeneration 2, shaggy fur 1, magic shield, antimagic bite, no
device heal 3, rot immunity
a: no special abilities


You were on level 7 of the Dungeon.
You were not hungry.

You visited 2 branches of the dungeon, and saw 8 of its levels.
You also visited: Ossuary.

You collected 341 gold pieces.


Innate Abilities, Weirdness & Mutations

You have razor-sharp teeth.
You heal very quickly.
You are covered in fur (AC +1).
When hurt, damage is shared between your health and your magic reserves.
Your bite disrupts and absorbs the magic of your enemies.
Potions and wands cannot restore your health.
You are immune to rotting.


   Skills:
 - Level 2.6 Fighting
 + Level 4.4 Armour
 - Level 2.4 Dodging
 - Level 2.4 Stealth
 + Level 10.4 Unarmed Combat


You had 8 spell levels left.
You didn't know any spells.

Inventory:

Hand weapons
 o - a +3 shortbow
Missiles
 r - 11 arrows
Armour
 d - a +0 pair of gloves (worn)
 i - a +0 pair of boots (worn)
 l - a cursed +1 plate armour (worn)
 p - a +2 chain mail of cold resistance
 s - a cursed +0 cloak (worn)
Magical staves
 v - a cursed staff of fire {unknown}
Jewellery
 a - a ring of poison resistance (right hand)
 g - an amulet of regeneration (around neck)
 h - a cursed ring of see invisible (left hand)
 q - a +2 ring of dexterity
Magical devices
 n - a wand of confusion (40)
Scrolls
 e - 2 scrolls of remove curse
 f - 3 scrolls of identify {@r1}
 t - a scroll of teleportation {@r4}
 u - a scroll of amnesia
Potions
 k - a potion of might
 m - 7 potions of curing {@q1}
Books
 j - a book of Dreams
Comestibles
 b - 3 bread rations
 c - 3 meat rations

Dungeon Overview and Level Annotations

Branches:
Dungeon (7/15)             Temple (1/1) D:4

Altars:
Ashenzari
Cheibriados
Dithmenos
Elyvilon
Fedhas
Gozag
Kikubaaqudgha
Makhleb
Qazlal
Vehumet
Xom
Yredelemnul
Zin
The Shining One

Annotations:
D:7 Joseph

##.##.###
#[# #.#
#.#
###†###
#.....#
#.....#
#C....#
#f....#
#.....#
#######


You could see a hill giant.


Message History

You hit the hill giant. Your bite misses the hill giant.
The hill giant is moderately wounded.
The hill giant hits you with a giant club.
You hit the hill giant but do no damage.
You bite the hill giant. You drain its power.
You feel invigorated.
The hill giant is heavily wounded.
The hill giant hits you with a giant club!!
Ouch! That really hurt!
* * * LOW HITPOINT WARNING * * *
Drink which item? (? for menu, Esc to quit)
Okay, then.
You see here a hound corpse.
There is a stone staircase leading up here.
You punch the hill giant! You bite the hill giant. You drain its power.
You feel invigorated.
The hill giant is heavily wounded.
The hill giant hits you with a giant club!!
* * * LOW HITPOINT WARNING * * *
Unknown command.
You punch the hill giant!
You bite the hill giant, but do no damage.
The hill giant is severely wounded.
The hill giant barely misses you.
Drink which item? (? for menu, Esc to quit)
Okay, then.
Your plate armour prevents you from hitting the hill giant.
The hill giant is severely wounded.
The hill giant hits you with a giant club!!
Ouch! That really hurt!
You die...

Action                   |  1- 3 |  4- 6 |  7- 9 || total
-------------------------+-------+-------+-------++-------
Melee: Unarmed           |    61 |   137 |   261 ||   459
Evoke: Wand              |       |       |     1 ||     1
  Use: Scroll            |       |     4 |    12 ||    16
 Stab: Sleeping          |     1 |       |       ||     1
  Eat: Chunk             |       |     1 |     4 ||     5
       Meat ration       |       |       |     1 ||     1

Vault maps used:
D:1:      ncdulo_smallfort
D:2:      nicolae_qazlal_general_emergency, lemuel_doored_altar, uniq_natasha,
          uniq_terence
D:3:      cheibriados_altar_1, lemuel_coloured_pillars_altar, first_bread
D:4:      minmay_temple_entry_junction
D:5:      fedhas_altar_2, uniq_grinder
D:6:      overflow_temple_1_default, kennysheep_little_box, enter_ossuary_2,
          uniq_edmund, uniq_duvessa
D:7:      lemuel_blue_sif_altar, uniq_menkaure, uniq_joseph
Temple:   minmay_temple_curvy_8
Ossuary:  ossuary_minmay_chase

Notes
Turn   | Place    | Note
--------------------------------------------------------------
     0 | D:1      | krae, the Vine Stalker Monk, began the quest for the Orb.
     0 | D:1      | Reached XP level 1. HP: 11/11 MP: 2/2
   197 | D:1      | Reached XP level 2. HP: 16/16 MP: 3/3
   277 | D:2      | Found a white marble altar of Elyvilon.
   427 | D:2      | Reached skill level 5 in Unarmed Combat
   427 | D:2      | Reached XP level 3. HP: 16/19 MP: 4/4
   512 | D:2      | Noticed Natasha
   522 | D:2      | Killed Natasha
   522 | D:2      | Reached XP level 4. HP: 20/23 MP: 3/5
   552 | D:2      | Found a stormy altar of Qazlal.
   736 | D:3      | Found a snail-covered altar of Cheibriados.
  1049 | D:4      | Reached skill level 6 in Unarmed Combat
  1100 | D:4      | Reached XP level 5. HP: 24/27 MP: 6/6
  1181 | D:5      | Entered Level 5 of the Dungeon
  1181 | D:5      | Found a blossoming altar of Fedhas.
  1505 | D:5      | Noticed Grinder
  1509 | D:5      | Paralysed by Grinder for 6 turns
  1544 | D:5      | Killed Grinder
  1544 | D:5      | Reached skill level 7 in Unarmed Combat
  1544 | D:5      | Gained mutation: You heal very quickly. [Vine Stalker growth]
  1544 | D:5      | Reached XP level 6. HP: 26/32 MP: 7/7
  1570 | D:5      | Noticed a phantom
  1596 | D:5      | Killed a phantom
  1596 | D:5      | Reached skill level 8 in Unarmed Combat
  1596 | D:5      | Reached XP level 7. HP: 35/35 MP: 8/8
  1700 | D:4      | Found a staircase to the Ecumenical Temple.
  1711 | Temple   | Entered the Ecumenical Temple
  1895 | D:6      | Found a burning altar of Makhleb.
  1926 | D:6      | Found a sand-covered staircase.
  1939 | Ossuary  | Entered an ossuary
  2022 | Ossuary  | Reached skill level 9 in Unarmed Combat
  2223 | D:6      | Noticed Duvessa
  2223 | D:6      | Noticed Dowan
  2246 | D:6      | Killed Duvessa
  2246 | D:6      | Reached skill level 1 in Armour
  2256 | D:6      | Killed Dowan
  2328 | D:6      | Noticed Edmund
  2337 | D:7      | Gained mutation: You have razor-sharp teeth. [Vine Stalker growth]
  2337 | D:7      | Reached XP level 8. HP: 39/39 MP: 9/9
  2352 | D:7      | Noticed Joseph
  2373 | D:6      | Reached skill level 2 in Armour
  2386 | D:6      | Killed Edmund
  2829 | D:5      | Reached skill level 3 in Armour
  3030 | D:7      | Reached skill level 10 in Unarmed Combat
  3141 | D:6      | Reached skill level 4 in Armour
  3459 | D:6      | Found a glowing golden altar of the Shining One.
  3705 | D:7      | Noticed a hill giant
  3714 | D:7      | Reached XP level 9. HP: 43/43 MP: 10/10
  3735 | D:7      | HP: 3/43 [hill giant/giant club (18)]
  3737 | D:7      | Annihilated by a hill giant

Vanquished Creatures
  Grinder (D:5)
  A wyvern (D:5)
  Edmund (D:6)
  Duvessa (D:6)
  A sky beast (D:7)
  A phantom (D:5)
  A centaur (D:6)
  2 giant frogs (D:6)
  Dowan (D:6)
  A water moccasin zombie (D:5)
  A scorpion (D:4)
  A crimson imp (D:6)
  A hound (D:7)
  An iguana (D:4)
  2 orc wizards (D:6)
  A human zombie (Ossuary)
  3 orc priests (D:4)
  Natasha (D:2)
  A worker ant (D:6)
  A big kobold zombie (Ossuary)
  3 mummies (Ossuary)
  3 gnolls (D:6)
  A worker ant zombie (D:5)
  4 adders
  A worm (D:2)
  A giant mite (D:4)
  An adder zombie (Ossuary)
  2 giant geckos
  6 orcs
  8 bats
  2 bat skeletons (D:5)
  5 giant cockroaches
  6 goblins
  11 hobgoblins
  2 quokkas
  2 ball pythons
  A giant newt (D:4)
  3 goblin zombies (Ossuary)
  8 kobolds
  2 kobold zombies (Ossuary)
  4 quokka zombies (Ossuary)
  5 rats
  6 rat zombies (Ossuary)
  A ballistomycete (D:6)
112 creatures vanquished.

Vanquished Creatures (others)
  An orc wizard (D:6)
  A giant spore (D:6)
2 creatures vanquished.

Grand Total: 114 creatures vanquished
